 Dungeon Crawl Stone Soup version 0.26.1-10-gdfb7c7de75 (webtiles) character file.

Game seed: 14394298574075033812

88 phalm the Shield-Bearer (level 4, -2/29 HPs)
             Began as a Gargoyle Fighter on Apr 11, 2021.
             Killed by divine providence
             ... invoked by an orc priest
              (11 damage)
             ... on level 2 of the Dungeon.
             The game lasted 00:02:11 (1458 turns).

phalm the Shield-Bearer (Gargoyle Fighter)          Turns: 1458, Time: 00:02:12

Health: -2/29      AC: 10    Str: 20    XL:     4   Next: 54%
Magic:  4/4        EV:  7    Int:  9    God:
Gold:   106        SH:  9    Dex:  9    Spells: 3/3 levels left

rFire    . . .     SeeInvis .   a - +0 flail
rCold    . . .     Faith    .   c - +0 kite shield
rNeg     + . .     Spirit   .   b - +0 scale mail
rPois    ∞         Reflect  .   (no helmet)
rElec    +         Harm     .   (no cloak)
rCorr    .         Rampage  .   (no gloves)
Will     .....                  (no boots)
Stlth    ..........             (no amulet)
HPRegen  0.09/turn              (no ring)
MPRegen  0.09/turn              (no ring)

@: no status effects
A: negative energy resistance 1, electricity resistance, unbreathing,
petrification resistance, miasma immunity, AC +3
a: no special abilities


You were on level 2 of the Dungeon.
You visited 1 branch of the dungeon, and saw 2 of its levels.

You collected 106 gold pieces.

Inventory:

Hand Weapons
 a - a +0 flail (weapon)
Armour
 b - a +0 scale mail (worn)
 c - a +0 kite shield (worn)
Scrolls
 e - a scroll of fear {unknown}
 f - 2 scrolls of remove curse {unknown}
 h - a scroll of noise {unknown}
 i - 2 scrolls of identify {unknown}
Potions
 d - 2 potions of might
 g - a potion of degeneration {unknown}
 j - a potion of cancellation {unknown}
 k - a potion of curing {unknown}


   Skills:
 + Level 3.7 Fighting
 * Level 3.1 Maces & Flails
 + Level 3.8 Armour
 * Level 4.2 Shields


You had 3 spell levels left.
You didn't know any spells.
Your spell library was empty.

Dungeon Overview and Level Annotations

Branches:
Dungeon (2/15)

Altars:
Dithmenos
Gozag
Nemelex Xobeh
Sif Muna
Uskayaw
Wu Jian
Zin


Innate Abilities, Weirdness & Mutations

You are resistant to torment.
Your stone body is resilient. (AC +3)
You are immune to poison.
You resist negative energy. (rN+)
You are resistant to electric shocks. (rElec)
You can survive without breathing.
You are immune to petrification.
You are immune to miasma.


Message History

You hear some strange, mumbled words.
A magic dart appears from out of thin air!
The magic dart hits you. The orc hits you but does no damage.
You block something's attack.
You closely miss something. The orc completely misses you.
Something hits you but does no damage. The orc hits you but does no damage.
You barely miss something. Something hits you but does no damage.
The orc barely misses you.
You miss something. Something hits you but does no damage.
The orc hits you but does no damage. Something hits you but does no damage.
You miss something.
The orc priest shouts!
The orc hits you but does no damage.
You hear some strange, mumbled words.
Something tries to affect you, but you resist.
The orc closely misses you.
You hit something.
The orc priest mumbles some strange prayers to Beogh against you.
Beogh smites you!
You die...

#.......#
#.#####.# #.#
#.#######
#.#.#...#
####.#..#..#
#....#...#.#
#.##.#.)o.###..
#......@{......
#....###)......
#...#.# #...o.#
#..#..# #...#.
###...# #.#..
#### ## #


You could see an orc priest and an orc.

Vanquished Creatures
  A gnoll (D:2)
  3 adders (D:2)
  An ooze (D:2)
  A worm (D:2)
  2 dart slugs
  A leopard gecko (D:1)
  2 orcs (D:2)
  5 bats
  A giant cockroach (D:2)
  2 goblins (D:1)
  5 hobgoblins
  3 jackals (D:1)
  4 kobolds
  2 ball pythons
  3 frilled lizards
  2 rats (D:2)
38 creatures vanquished.

Notes
Turn   | Place    | Note
-------+----------+-------------------------------------------
     0 | D:1      | phalm the Gargoyle Fighter began the quest for the Orb.
     0 | D:1      | Reached XP level 1. HP: 14/14 MP: 1/1
   131 | D:1      | Reached XP level 2. HP: 14/19 MP: 2/2
   898 | D:2      | Reached XP level 3. HP: 23/23 MP: 3/3
  1220 | D:2      | Reached skill level 4 in Shields
  1242 | D:2      | Reached XP level 4. HP: 24/29 MP: 4/4
  1368 | D:2      | Found a glowing silver altar of Zin.
  1369 | D:2      | Found a hide-covered altar of Uskayaw.
  1369 | D:2      | Found a shadowy altar of Dithmenos.
  1371 | D:2      | Found a shimmering blue altar of Sif Muna.
  1371 | D:2      | Found an opulent altar of Gozag.
  1371 | D:2      | Found an ornate altar of the Wu Jian Council.
  1372 | D:2      | Found a sparkling altar of Nemelex Xobeh.
  1458 | D:2      | Killed from afar by an orc priest

Illustrated notes

Levels and vault maps discovered:
D:1:      giann_wishing_wells, layout_basic
D:2:      layout_loops_ring, grunt_temple_overflow_open,
          hangedman_decor_diamond_cutter, minmay_nonomino_d4

Skill      XL: |  1  2  3  4 |
---------------+-------------+-----
Shields        | 4 |  4.2
Maces & Flails | 3 |  3.1
Fighting       | |  3.7
Armour         | |  3.8

Action                   |  1- 3 |  4- 6 || total
-------------------------+-------+-------++-------
Melee: Flail             |   112 |    65 ||   177
Armor: Scale mail        |    69 |    48 ||   117
Dodge: Dodged            |    36 |    16 ||    52
Block: Kite shield       |    76 |    30 ||   106
